[Event "Late-Titled-Tuesday-Blitz-June-18-2024"]
[Site "Chess.com"]
[Date "2024.06.18"]
[Round "3"]
[White "Mops_2004"]
[Black "Kaustubh_Kodihalli"]
[Result "1-0"]
[WhiteElo "2819"]
[BlackElo "2373"]
[TimeControl "180+1"]
[EndTime "14:31:31 PDT"]
[Termination "Mops_2004 won by resignation"]

1. g3 d5 2. Nf3 Nf6 3. Bg2 Bf5 4. O-O e6 5. c4 Bd6 6. Qb3 Qc8 7. Nd4 Be4 8. cxd5 Bxg2 9. Kxg2 Nxd5 10. e4 Nb6 11.
Nf3 O-O 12. d4 c5 13. Be3 cxd4 14. Nxd4 Qc4 15. Nd2 Qxb3 16. axb3 Bc5 17. Rfc1 N8d7 18. Nc4 Nxc4 19. bxc4 a6 20. Rd1 Rfd8 21. Bg5 Nf6 22. Nb3 Rxd1 23. Rxd1 Nxe4 24. Nxc5 Nxc5 25. Be3 b6 26. Rd6 Rb8 27. b4 Na4 28. c5 bxc5 29.
bxc5 Kf8 30. Rxa6 Nc3 31. Bf4 Rc8 32. Bd6+ Ke8 33. Ra7 Nd5 34. g4 g6 35. g5 Rc6 36.
Ra8+ Kd7 37. Rf8 Ra6 38. Rxf7+ Kc6 39. Rxh7 Ra2 40. Rg7 Ne3+ 41. Kf3 Nf5 42. Rf7 Nh4+ 43. Kg4 Nf5 44. Kf3 Ra3+ 45. Ke2 Ra2+ 46. Kf1 Ra1+ 47.
Kg2 Ra2 48. Rf6 Rb2 49. Rxe6 Kd5 50. Rf6 Rc2 51. Kf3 Rc3+ 52. Ke2 Rc2+ 53. Kd3 Rxf2 54. Rxg6 Rf3+ 55. Ke2 Nd4+ 56. Kd2 Rf2+ 57. Ke3 Re2+ 58. Kd3 Rf2 59. Rg8 Rf3+ 60. Kd2 Rh3 61. g6 Ne6 62. g7 Ra3 63. c6 Kxd6 64. Rd8+ Nxd8 65. g8=Q Nxc6 66.
Qf8+ Ne7 67. Qf4+ Kd7 68. Qd4+ Ke8 69. Qh8+ Kd7 70. Qg7 Ra6 71. Qg4+ Re6 72. h4 Kd6 73. Qd4+ Nd5 74. h5 Re5 75. h6 Rh5 76. Qg7 Ne7 77. h7 Rh2+ 78. Kd1 Rh1+ 79. Ke2 Rh2+ 80. Kf1 Rh1+ 81. Kg2 Rh5 82. h8=Q Rxh8 83. Qxh8 Ke6 84. Qd4 Nf5 85. Qe4+ Kf6 86. Kf3 Nd6 87. Qd5 Nf5 88. Kf4 Ne7 89. Qd6+ Kf7 90. Kg5 1-0

[Event "Late-Titled-Tuesday-Blitz-June-18-2024"]
[Site "Chess.com"]
[Date "2024.06.18"]
[Round "3"]
[White "vladislavkovalev"]
[Black "JackRodgers"]
[Result "1-0"]
[WhiteElo "2861"]
[BlackElo "2569"]
[TimeControl "180+1"]
[EndTime "14:31:32 PDT"]
[Termination "vladislavkovalev won by checkmate"]

1. e4 c5 2. Nf3 g6 3. c3 Bg7 4.
d4 cxd4 5. cxd4 d5 6. e5 Bg4 7. Bb5+ Nd7 8. h3 Bxf3 9. Qxf3 a6 10. Bd3 e6 11. Nc3 Ne7 12. O-O Nc6 13. Ne2 Rc8 14.
Bd2 O-O 15. Qe3 Qb6 16. Bc3 Nb4 17. Bb1 Nc6 18. h4 Na5 19. Bd3 Nc4 20. Qc1 Qd8 21. g3 f6 22. exf6 Nxf6 23. b3 Nd6 24. Qe3 Qd7 25.
Bb4 Rfe8 26. Rae1 Nf5 27. Qf3 Rc6 28. Bd2 Nd6 29. Bf4 Nde4 30. Rd1 Rec8 31. Rfe1 b5 32.
Be5 Rf8 33. Nf4 Nc3 34. Rc1 Nxa2 35. Rxc6 Qxc6 36. Qe2 Nc3 37. Qc2 b4 38. h5 Nfe4 39. Bxg7 Kxg7 40. hxg6 hxg6 41. Bxe4 dxe4 42. Qd2 g5 43.
Nh3 Qd5 44. Qxg5+ Kf7 45. Qh6 Ke7 46. Nf4 Qf5 47. Ng6+ Kd6 48. Qxf8+ Qxf8 49. Nxf8 Kd5 50. Ng6 Kxd4 51. Nf4 e5 52. Ne6+ Kd3 53. g4 Kc2 54. g5 Kxb3 55. g6 Nd5 56. Nc5+ Kc4 57. Nxe4 b3 58. g7 Ne7 59. Kf1 Kd3 60. Re3+ Kc2 61.
Rc3+ Kb2 62. Rc7 Ng8 63. Rc8 Nh6 64. Rb8 a5 65. Nc5 a4 66. Nxa4+ Kc2 67. Ke2 b2 68. Rxb2+ Kc1 69. Rb6 Ng8 70. Rc6+ Kb1 71. Nc5 e4 72. Re6 e3 73. Kxe3 Kc2 74. Ne4 Kb3 75. f4 Kc4 76. Re5 Kb4 77. f5 Kc4 78. f6 Nh6 79. Kf4 Nf7 80.
Re7 Nh6 81. f7 Kd4 82. f8=Q Kd3 83. Qd8+ Ke2 84. Ng3+ Kf2 85. Qd2+ Kg1 86. Re1# 1-0

[Event "Late-Titled-Tuesday-Blitz-June-18-2024"]
[Site "Chess.com"]
[Date "2024.06.18"]
[Round "3"]
[White "FuenfgegenWilly"]
[Black "Losingexperience"]
[Result "1-0"]
[WhiteElo "2518"]
[BlackElo "2730"]
[TimeControl "180+1"]
[EndTime "14:31:45 PDT"]
[Termination "FuenfgegenWilly won on time"]

1. e4 c5 2. Nc3 Nc6 3. f4 g6 4. Nf3 d6 5. Bb5 Bd7 6. d3 Bg7 7. O-O Nf6 8. Qe1 O-O 9. Qh4 e6 10. Bxc6 Bxc6 11. f5 Nd7 12. Bg5 f6 13. Bh6 exf5 14.
exf5 Ne5 15. Nxe5 dxe5 16. Kh1 Qd4 17. Ne4 g5 18. Bxg5 fxg5 19. Qxg5 Bxe4 20. dxe4 Qxe4 21.
f6 Qg6 22. Qxg6 hxg6 23. fxg7 Kxg7 24. Kg1 Rfe8 25. Rad1 Rad8 26. Rfe1 Kf6 27. Kf2 Ke6 28. Ke3 Rxd1 29. Rxd1 Rh8 30. h3 Rh4 31. Rd8 Rh7 32.
Rg8 Kf6 33. c3 b6 34. Ke4 Rh4+ 35. Kd5 Rh7 36. Rf8+ Kg5 37. Kxe5 Re7+ 38. Kd5 Re2 39.
g4 Rxb2 40. a4 Rd2+ 41. Kc6 Rc2 42. Kb7 Rxc3 43. Kxa7 Ra3 44. Kxb6 Rxa4 45. Kxc5 Ra3 46. Rh8 Kf4 47. Kd5 Kg3 48. Rh6 g5 49. Rh5 Rb3 50. Ke5 Rb5+ 51. Kf6 Kg2 52. Kg6 Rb6+ 53. Kxg5 Kg3 54. Kf5 Rb5+ 55. Kg6 Rb6+ 56. Kf7 Rb7+ 57. Ke6 Rb6+ 58. Kd5 Rb5+ 59. Kc6 Rb8 60. Rh7 Kf4 61. Kd6 Rb6+ 62. Kc5 Ra6 63. Rf7+ Kg3 64. Rh7 Ra5+ 65. Kd4 Ra4+ 66. Kc5 Ra5+ 67. Kb6 Re5 68. Kc6 Ra5 69.
Kd6 Ra6+ 70. Ke5 Ra5+ 71. Ke4 Ra4+ 72. Kd3 Ra3+ 73. Kc2 Ra2+ 74. Kb3 Ra6 75. g5 Kf4 76. h4 Kg4 77. Kc4 Ra4+ 78. Kb5 Re4 79. Kc5 Ra4 80.
g6 Ra8 81. h5 Kg5 82. g7 Kf6 83. h6 Kf7 84. Rh8 Ra5+ 85. Kb6 Rg5 86. Rf8+ 1-0

[Event "Late-Titled-Tuesday-Blitz-June-18-2024"]
[Site "Chess.com"]
[Date "2024.06.18"]
[Round "3"]
[White "IngOscarArdila"]
[Black "rhungaski"]
[Result "1/2-1/2"]
[WhiteElo "2428"]
[BlackElo "2606"]
[TimeControl "180+1"]
[EndTime "14:32:02 PDT"]
[Termination "Game drawn by repetition"]

1. d4 Nf6 2. c4 c5 3. dxc5 Na6 4. Nf3 e6 5. Nc3 Nxc5 6. Bg5 h6 7. Bh4 b6 8. e3 Bb7 9. Be2 Be7 10. O-O O-O 11.
Rc1 Rc8 12. b4 Nce4 13. Nxe4 Nxe4 14. Bxe7 Qxe7 15. a3 d6 16. Qb3 e5 17. Rfd1 Kh8 18. Qb2 f5 19. Nd2 Qg5 20. Nxe4 Bxe4 21. Bf1 f4 22. exf4 Rxf4 23. Rxd6 Rcf8 24. Rd2 Rg4 25. g3 Qf5 26. Bg2 Bxg2 27. Kxg2 h5 28. Qc3 h4 29.
Re1 h3+ 30. Kg1 Re4 31. Rde2 Rd4 32. c5 Rd3 33. Qc4 Qf3 34. Qh4+ Kg8 35. Qxh3 Rxa3 36. Qe6+ Kh8 37. Qh3+ Kg8 38. Qe6+ Kh8 39. Qxe5 Rb3 40. Qe4 Qf6 41. Qg4 bxc5 42. bxc5 Rc3 43. Qh5+ Kg8 44. Qd5+ Kh8 45. f4 a5 46. Re6 Qf5 47. Qxf5 Rxf5 48.
c6 Rfc5 49. R6e5 Rxc6 50. Rxa5 Rc2 51. Rae5 Kh7 52. R5e2 R2c3 53. Kf2 Rb6 54. Re3 Rc2+ 55. R1e2 Rc1 56. h3 Rbb1 57. Kf3 Rh1 58. Kg4 Rb6 59. Re6 Rb3 60. R6e3 Rb6 61. f5 Rb4+ 62. Re4 Rb3 63.
R2e3 Rb6 64. Rf4 Rg1 65. Ref3 Rh6 66. h4 Rd6 67. f6 gxf6 68. Rxf6 Rd4+ 69. R6f4 Rd2 70.
Rf7+ Kg8 71. Ra7 Rd4+ 72. Rf4 Rd6 73. h5 Rd8 74. Rf5 Kh8 75. Rg5 Rd4+ 76. Kf5 Rf1+ 77. Ke6 Rd8 78. Rg6 Re1+ 79. Kf6 Rd6+ 80. Kg5 Re5+ 81.
Kh6 Rxg6+ 82. hxg6 Re8 83. g7+ Kg8 84. g4 Re6+ 85. Kh5 Rc6 86. g5 Rd6 87. Re7 Rc6 88. Rd7 Rb6 89. Re7 Rc6 90. Kg4 Rb6 91. Kf5 Ra6 92. Re5 Kxg7 93. Re7+ Kg8 94. Rb7 Rc6 95.
Kg4 Ra6 96. Kh5 Rc6 97. g6 Rc1 98. Kg5 Rg1+ 99. Kf6 Rf1+ 100. Kg5 Rg1+ 101. Kf6 Rf1+ 102. Kg5 Rg1+ 1/2-1/2

[Event "Late-Titled-Tuesday-Blitz-June-18-2024"]
[Site "Chess.com"]
[Date "2024.06.18"]
[Round "3"]
[White "ninjatrick"]
[Black "Lennis93"]
[Result "1/2-1/2"]
[WhiteElo "2483"]
[BlackElo "2651"]
[TimeControl "180+1"]
[EndTime "14:32:09 PDT"]
[Termination "Game drawn - insufficient material"]

1. Nf3 d5 2. b3 Nf6 3. Bb2 g6 4. e3 Bg7 5. Be2 O-O 6. O-O c5 7. d4 cxd4 8. exd4 Nc6 9. c4 Nh5 10. Qd2 Bg4 11. cxd5 Qxd5 12. Nc3 Qd6 13. d5 Nb4 14. a3 Nxd5 15. Nxd5 Bxb2 16. Qxb2 Qxd5 17. h3 Be6 18. Bc4 Qc6 19. Nd4 Qb6 20. Nxe6 fxe6 21. Rfe1 Nf4 22. Re5 Rf6 23. Rae1 Raf8 24. Qd2 Qc6 25.
f3 a6 26. Qe3 b5 27. Bxe6+ Rxe6 28. Rxe6 Qc2 29. Qf2 Qxf2+ 30. Kxf2 Nd3+ 31. Kf1 Nxe1 32. Kxe1 Rc8 33. Rxe7 Rc3 34. Re6 a5 35. Ra6 a4 36.
bxa4 Rxa3 37. axb5 Rb3 38. b6 Rb2 39. Kf1 Kg7 40.
Ra7+ Kh6 41. Rb7 Kg5 42. Kg1 Rb5 43. Kh2 h5 44. h4+ Kxh4 45. g3+ Kg5 46. f4+ Kg4 47. Kg2 Rb2+ 48. Kf1 Kxg3 49. Ke1 Kxf4 50. Rf7+ Kg5 51. Rb7 h4 52. Rb8 Kg4 53. b7 g5 54. Kd1 Rb5 55.
Kc1 h3 56. Kc2 Kg3 57. Rg8 Rxb7 58. Rxg5+ Kf2 59. Rh5 Kg2 60. Kd3 Re7 61. Rg5+ Kh1 62.
Kd2 h2 63. Kd1 Re4 64. Kd2 Re8 65. Kd1 Re4 66. Kd2 Ra4 67. Ke2 Ra1 68. Kf2 Rg1 69. Rh5 Rg2+ 70. Kf1 Rg4 71. Kf2 Rf4+ 72. Kg3 Ra4 73.
Rxh2+ Kg1 74. Rb2 Ra3+ 75. Kg4 Kf1 76. Rb1+ Ke2 77. Rb4 Ke3 78. Rf4 Ra1 79. Rf3+ Ke4 80. Rf8 Rg1+ 81. Kh3 Ke5 82. Re8+ Kf4 83. Rf8+ Ke3 84.
Rf7 Rg6 85. Kh4 Ke4 86. Kh5 Rg1 87. Re7+ Kf5 88. Rf7+ Ke6 89. Rf2 Ke5 90. Kh4 Rg7 91.
Kh5 Ke4 92. Rf8 Ke5 93. Rf2 Ke6 94. Re2+ Kf5 95. Rf2+ Ke4 96. Rf1 Rg2 97. Re1+ Kf4 98. Rf1+ Kg3 99. Rf8 Kh3 100. Rf3+ Kh2 101. Kh4 Kg1 102.
Rg3 Kh2 103. Rxg2+ Kxg2 1/2-1/2

[Event "Late-Titled-Tuesday-Blitz-June-18-2024"]
[Site "Chess.com"]
[Date "2024.06.18"]
[Round "3"]
[White "Mischuk_D"]
[Black "tgpgoat"]
[Result "1/2-1/2"]
[WhiteElo "2739"]
[BlackElo "2511"]
[TimeControl "180+1"]
[EndTime "14:32:10 PDT"]
[Termination "Game drawn by repetition"]

1. d4 Nf6 2. c4 c5 3. d5 b5 4. Nf3 bxc4 5. Nc3 d6 6. e4 g6 7. Bxc4 Bg7 8. h3 O-O 9. O-O Ba6 10. Nb5 Nxe4 11. a4 Nd7 12. Re1 Nef6 13. Nxd6 exd6 14. Bxa6 Rb8 15. Bb5 Re8 16. Rxe8+ Nxe8 17. Rb1 Nc7 18. Bc6 Rb4 19. b3 Nb8 20. Bd2 Nxc6 21. dxc6 Rb6 22. b4 cxb4 23. a5 Rxc6 24. Bxb4 d5 25. Qd3 Ne6 26. Bd2 h6 27. Qb5 Qd6 28. Qb8+ Qxb8 29. Rxb8+ Kh7 30. Rb7 Rc7 31. a6 d4 32.
Ba5 Rc1+ 33. Kh2 Ra1 34. Bd2 Rxa6 35. Rxf7 Ra2 36. Re7 Nc5 37. Bf4 Kg8 38. Bd2 Nd3 39. Kg3 Ne5 40. Nxe5 Rxd2 41. Nxg6 a5 42. Ra7 Ra2 43.
Nf4 Be5 44. Kg4 Bxf4 45. Kxf4 Rxf2+ 46. Kg3 Ra2 47. Kf3 Kf8 48. g4 Ra3+ 49. Ke4 Rxh3 50. Rxa5 Rh4 51. Kf5 d3 52. Rd5 Rh3 53. Kg6 Ke7 54.
Kf5 h5 55. g5 Rf3+ 56. Ke4 Rg3 57. Kf4 Rg1 58. Rxd3 h4 59. Rh3 Kf7 60. Rxh4 Kg6 61. Rh6+ Kg7 62. Ra6 Rf1+ 63. Kg4 Rg1+ 64. Kf4 Rf1+ 65.
Ke3 Rg1 66. Ra5 Kg6 67. Kf4 Rf1+ 68. Ke4 Re1+ 69. Kf3 Rf1+ 70. Kg2 Rf5 71. Ra6+ Kxg5 72. Kg3 Rf6 73. Ra5+ Rf5 74. Ra8 Rf6 75. Rg8+ Kf5 76. Kf3 Ke6+ 77. Ke4 Rf7 78. Ra8 Kf6 79. Kf4 Ke6+ 80.
Ke4 Kf6 81. Ra6+ Ke7 82. Ke5 Kf8 83. Ra1 Re7+ 84. Kf6 Rf7+ 85. Ke6 Re7+ 86. Kd6 Rf7 87. Rg1 Rg7 88. Rf1+ Rf7 89. Rh1 Kg7 90. Ke5 Re7+ 91. Kf5 Rf7+ 92. Kg5 Ra7 93. Rb1 Ra5+ 94. Kf4 Kf6 95.
Rb6+ Ke7 96. Rb4 Kd6 97. Kg4 Kc5 98. Rb8 Rb5 99. Rc8+ Kb4 100. Kf4 Rc5 101. Rd8 Rc4+ 102. Ke3 Rc5 103. Kd3 Kb5 104. Rb8+ Kc6 105. Kd4 Rd5+ 106. Kc4 Rc5+ 107. Kb4 Rh5 108. Rc8+ Kd7 109. Rc4 Rh1 110. Kc5 Rh5+ 111. Kb4 Rh1 112. Kc5 Rh5+ 113. Kb4 1/2-1/2

[Event "Late-Titled-Tuesday-Blitz-June-18-2024"]
[Site "Chess.com"]
[Date "2024.06.18"]
[Round "3"]
[White "traviscottofficial"]
[Black "guillembaches"]
[Result "0-1"]
[WhiteElo "2758"]
[BlackElo "2524"]
[TimeControl "180+1"]
[EndTime "14:32:17 PDT"]
[Termination "guillembaches won on time"]

1. Na3 d5 2. c4 e6 3. Nf3 Nf6 4. e3 Be7 5. Nc2 O-O 6. b3 b6 7.
Bb2 Bb7 8. Be2 Nbd7 9. O-O c5 10.
d4 Rc8 11. Rc1 Re8 12. Re1 Bf8 13. h3 g6 14. Ba1 Bg7 15. Bf1 Rc7 16. dxc5 bxc5 17.
b4 Qa8 18. bxc5 Nxc5 19. Ncd4 a6 20. Nb3 Nxb3 21. axb3 dxc4 22. Bxc4 Rec8 23. Qe2 Bxf3 24. Qxf3 Qxf3 25. gxf3 Nd5 26. Bxg7 Kxg7 27. Ra1 Nb4 28. Red1 Rb8 29. Rd6 Rcb7 30. f4 Rb6 31. Rd2 Nd5 32. Kg2 Kf6 33. Kf3 h5 34. Ra5 Nb4 35. Ke4 R8b7 36. Rd8 Nc6 37. Bxa6 Nxa5 38. Bxb7 Rxb7 39.
Ra8 Nxb3 40. Rc8 Rb5 41. Kd3 Rb7 42. Kc2 Na5 43. Rc5 Ra7 44. Kc3 Ra6 45. Kb4 Nb7 46. Rc2 Nd6 47. Kc5 Ne4+ 48. Kd4 Ra4+ 49. Kd3 Nd6 50.
Ke2 Nf5 51. Kf3 h4 52. Kg4 Ra1 53. Rd2 Rg1+ 54. Kf3 Rh1 55. Kg2 Rc1 56. Kf3 Rc3 57. Kg4 Rc5 58. e4 Nh6+ 59. Kxh4 Rc4 60. f3 Kg7 61.
Kg3 Ng8 62. h4 Rc1 63. f5 Nf6 64. fxe6 fxe6 65. Kf4 Rc6 66. Ke5 Kf7 67. Ra2 Rc7 68. Kd6 Rd7+ 69. Ke5 Ne8 70. Ra6 Ng7 71. Rc6 Rb7 72.
Kf4 Rb5 73. Rc7+ Kf6 74. e5+ Rxe5 75. Kg4 Rf5 76. Rc4 Nh5 77. Rc3 e5 78. Rc6+ Kg7 79.
Rc7+ Rf7 80. Rc5 Nf6+ 81. Kg5 e4 82. f4 Re7 83. f5 gxf5 84. Kxf5 e3 85. Rc1 e2 86.
Re1 Nd5 87. Kg4 Nc3 88. Kf3 Kh6 89. Kf2 Nd1+ 90. Kf3 Re3+ 91. Kf4 Kh5 92. Kf5 Kxh4 93. Kf4 Kh3 94. Kf5 Kg2 95. Kf4 Kf2 96. Rh1 e1=Q 97.
Rh2+ Kg1 98. Rh4 Qg3+ 0-1

[Event "Late-Titled-Tuesday-Blitz-June-18-2024"]
[Site "Chess.com"]
[Date "2024.06.18"]
[Round "3"]
[White "MKlose11"]
[Black "matagordo"]
[Result "1/2-1/2"]
[WhiteElo "2568"]
[BlackElo "2387"]
[TimeControl "180+1"]
[EndTime "14:32:44 PDT"]
[Termination "Game drawn by 50-move rule"]

1. e4 e6 2. Nf3 d5 3. e5 c5 4. b4 b6 5. bxc5 bxc5 6. c3 Qd7 7. Be2 Ba6 8. d3 Ne7 9. O-O Ng6 10. Re1 Be7 11. Bf1 O-O 12. Ba3 Rc8 13. Nbd2 f6 14.
d4 Bxf1 15. Nxf1 fxe5 16. Nxe5 Nxe5 17. dxe5 Nc6 18. Ng3 Na5 19. Qg4 Nc4 20. Nh5 Bd8 21. Bc1 Qf7 22. Nf4 Rc6 23. Rb1 Bb6 24. h4 Rf8 25. h5 Qf5 26. Qxf5 Rxf5 27. h6 Rxe5 28. Rxe5 Nxe5 29. hxg7 Kxg7 30. Be3 Nc4 31. Re1 Kf7 32. Bc1 Ba5 33. Rd1 Bxc3 34. Rd3 Be5 35. Ne2 Rb6 36. g4 Rb1 37. Kg2 Bd6 38. Rh3 Kg7 39. Bh6+ Kg6 40. Bf4 Bf8 41. Bc7 e5 42. Nc3 Rb7 43. Nxd5 Nb6 44. Bxb6 axb6 45. a4 b5 46. Rf3 bxa4 47. Rxf8 Ra7 48. Nc3 a3 49. Na2 c4 50. Rf5 c3 51. Rxe5 c2 52. Rc5 c1=Q 53. Rxc1 Kg5 54. Rc6 Kxg4 55. Rc4+ Kg5 56. Rc3 Kg6 57. Rb3 h5 58. Rc3 Ra5 59. Kg3 Kg5 60. Rc2 Kg6 61. Kg2 Kg5 62. Nc3 Ra7 63. Ra2 Kg4 64. Nb5 Ra4 65.
Nxa3 h4 66. Ra1 h3+ 67. Kg1 Kf3 68. Nc2 Rg4+ 69. Kh2 Kxf2 70. Kxh3 Rc4 71. Na3 Rc8 72. Kg4 Rg8+ 73. Kf4 Rf8+ 74. Ke4 Re8+ 75. Kd4 Rd8+ 76. Kc3 Ke2 77. Nc4 Rc8 78. Ra2+ Kf3 79. Rc2 Ke4 80. Kb4 Rb8+ 81. Kc3 Rc8 82. Re2+ Kf3 83. Re7 Ra8 84.
Nb2 Rc8+ 85. Kd4 Rd8+ 86. Kc3 Rc8+ 87. Kd2 Rd8+ 88. Nd3 Kg4 89. Rf7 Kg5 90. Ke3 Re8+ 91. Kd4 Rd8+ 92. Ke4 Re8+ 93. Ne5 Ra8 94. Rf5+ Kh6 95.
Rf1 Kg7 96. Kd5 Ra5+ 97. Ke6 Ra6+ 98. Ke7 Ra7+ 99. Nd7 Ra2 100. Rg1+ Kh6 101. Ne5 Kh5 102. Kf6 Rf2+ 103. Ke6 Ra2 104. Nd3 Ra6+ 105. Kf5 Ra5+ 106. Ne5 Kh6 107. Rh1+ Kg7 108. Ke6 Ra6+ 109. Kf5 Ra5 110. Re1 Rb5 111. Kg5 Ra5 112. Kf5 Rb5 113. Rg1+ Kf8 114. Kf6 Rb6+ 115. Kf5 Rb5 116. Rg6 Rb1 117. Ra6 Rf1+ 118. Ke6 Kg7 119. Ng4 Re1+ 120. Kf5 1/2-1/2

[Event "Late-Titled-Tuesday-Blitz-June-18-2024"]
[Site "Chess.com"]
[Date "2024.06.18"]
[Round "3"]
[White "Seppppppy"]
[Black "Oleg_Papayan"]
[Result "1/2-1/2"]
[WhiteElo "2241"]
[BlackElo "2537"]
[TimeControl "180+1"]
[EndTime "14:33:17 PDT"]
[Termination "Game drawn - insufficient material"]

1. d4 d5 2. c4 dxc4 3. e4 e5 4. Nf3 exd4 5. Bxc4 Nc6 6. O-O Be6 7. Bb5 Bc5 8. Nbd2 Ne7 9. Nb3 Bxb3 10. Qxb3 O-O 11. Bg5 a6 12. Bxc6 bxc6 13. Rad1 Kh8 14. Qc4 Bb6 15.
Nxd4 Qe8 16. Bxe7 Qxe7 17. Nxc6 Qf6 18. b4 Rfe8 19. a4 Re6 20. b5 axb5 21. axb5 Rae8 22. e5 Qg6 23. Kh1 h5 24. f4 Qf5 25. Qd3 g6 26.
Qxf5 gxf5 27. Rd7 Kg7 28. Rf3 h4 29. Rh3 Ra8 30. Rd1 Rh6 31. Ne7 Rh5 32. Rxh4 Rxh4 33.
Nxf5+ Kg6 34. Nxh4+ Kh5 35. Nf3 Kg4 36. Ng5 Kxf4 37. Nxf7 Kf5 38. Rf1+ Ke6 39. h4 Ra5 40. h5 Be3 41. h6 Bxh6 42. Nxh6 Kxe5 43. Rf5+ Ke6 44.
g4 Ra8 45. Nf7 Ra4 46. Ng5+ Ke7 47. Kg2 Rxg4+ 48. Kf3 Rb4 49. Ne4 Ke6 50. Rh5 Rb3+ 51. Kf4 Rb4 52. Rh6+ Ke7 53. Rh5 Ke6 54. Re5+ Kd7 55.
Kf5 Rb1 56. Nc5+ Kd6 57. Ne4+ Kd7 58. Rd5+ Ke7 59. Ke5 Rb2 60. Rc5 Kd7 61. Nf6+ Kd8 62. Nd5 Re2+ 63. Kd4 Rd2+ 64. Kc3 Rd1 65. Kb4 Rb1+ 66. Kc4 Rc1+ 67. Nc3 Kd7 68. Rd5+ Kc8 69. Rd3 Kb7 70. Kc5 Rc2 71. Kb4 Rc1 72. Rd7 Kc8 73. Rh7 Kb8 74. Nd5 Rb1+ 75. Kc5 Rc1+ 76. Kd4 Rd1+ 77.
Ke5 Rc1 78. Nb4 Rc5+ 79. Kd4 Rxb5 80. Kc4 Rb6 81. Kc5 Rf6 82. Nd5 Rf5 83. Rh8+ Kb7 84.
Rh7 Kb8 85. Kc6 Rf1 86. Rh8+ Ka7 87. Nxc7 Rc1+ 88. Kd6 Rd1+ 89. Nd5 Ka6 90. Rh2 Rg1 91. Ra2+ Kb5 92. Rb2+ Kc4 93. Rc2+ Kb3 94. Rc3+ Kb2 95. Rf3 Rg6+ 96. Kc5 Rg8 97. Nb4 Rc8+ 98. Kd4 Rd8+ 99. Nd5 Rd7 100. Rf2+ Kb3 101. Rf3+ Kb2 102. Rf6 Rd8 103. Rb6+ Kc2 104. Kc4 Rc8+ 105. Kd4 Rd8 106. Ra6 Kb2 107. Rc6 Kb3 108. Rc3+ Kb2 109. Rd3 Kc2 110. Ke4 Re8+ 111. Kd4 Rd8 112. Rh3 Kb2 113. Kc4 Rc8+ 114. Kb5 Rb8+ 115. Nb6 Kc2 116. Rh2+ Kd3 117. Rh6 Ke4 118. Kc5 Kf4 119. Nd5+ Ke4 120. Rh4+ Kf3 121. Ne7 Rb7 122. Nc6 Ke3 123. Rh3+ Kf4 124. Nd4 Rc7+ 125. Kd5 Rd7+ 126. Kc4 Rc7+ 127. Kd3 Rc8 128. Rh6 Kg5 129. Ra6 Rb8 130. Ke4 Re8+ 131. Ne6+ Kf6 132. Kd5 Ke7 133. Ra7+ Kf6 134. Rh7 Kf5 135. Ng7+ Kg6 136. Nxe8 Kxh7 1/2-1/2

[Event "Late-Titled-Tuesday-Blitz-June-18-2024"]
[Site "Chess.com"]
[Date "2024.06.18"]
[Round "3"]
[White "Lady_Nika"]
[Black "KNVB"]
[Result "1/2-1/2"]
[WhiteElo "2522"]
[BlackElo "2789"]
[TimeControl "180+1"]
[EndTime "14:33:57 PDT"]
[Termination "Game drawn by 50-move rule"]

1. e4 b6 2. d4 Bb7 3. Bd3 e6 4. Nf3 d5 5. e5 Ba6 6. O-O Bxd3 7. Qxd3 Ne7 8. b3 Qd7 9. Bb2 Nbc6 10. a3 Nf5 11. Nbd2 Be7 12. c4 O-O 13. Rfd1 Rfd8 14. Nf1 Rac8 15. g4 Nh4 16. Nxh4 Bxh4 17. f4 Be7 18. Ne3 dxc4 19. bxc4 Bc5 20. Nc2 Nxd4 21.
Bxd4 Qa4 22. Qc3 Bxd4+ 23. Rxd4 c5 24. Rd6 Rxd6 25. exd6 Qc6 26. Rd1 Qe4 27. d7 Rd8 28. Ne1 Qxf4 29. Qg3 Qxg3+ 30. hxg3 Kf8 31. Nf3 f6 32. g5 Ke7 33. Kf2 Rxd7 34. Rh1 Kf8 35. Ke3 Kg8 36. g4 Rd8 37. gxf6 gxf6 38. g5 Rf8 39. gxf6 Rxf6 40. Ke4 Rg6 41. Rd1 Rg4+ 42. Ke5 Rxc4 43. Ng5 Kg7 44. Nxe6+ Kg6 45. Rg1+ Kh6 46. Kf5 Rh4 47. Nd8 Rh2 48. Nf7+ Kh5 49. Rg5+ Kh4 50. Rg4+ Kh5 51. Rf4 Rd2 52. Rf1 Kh4 53. Ne5 Kg3 54. Rf3+ Kg2 55. Rf4 b5 56. Rg4+ Kf1 57. Rh4 c4 58.
Rxh7 c3 59. Rc7 c2 60. Nf3 Rf2 61.
Ke4 Re2+ 62. Kd3 Rf2 63. Nd4 Rg2 64. Nxc2 Rg3+ 65. Kd2 Rb3 66. Rc3 Rb2 67. Kd3 a5 68. Nd4 b4 69. axb4 Rxb4 70. Rc1+ Kg2 71. Rc2+ Kg3 72.
Ra2 a4 73. Ke4 Kg4 74. Rg2+ Kh5 75. Ra2 Kg6 76. Ra3 Kf7 77. Ke5 Ke8 78. Rh3 Kd7 79. Rh7+ Kc8 80. Nc6 Rb1 81. Kd6 Rd1+ 82. Kc5 a3 83.
Kb6 Rb1+ 84. Kc5 a2 85. Rh8+ Kc7 86. Rh7+ Kc8 87. Rh8+ Kd7 88. Rh7+ Ke6 89. Re7+ Kf6 90. Ra7 a1=Q 91. Rxa1 Rxa1 92. Nb4 Rd1 93. Nd5+ Ke5 94. Nb4 Rc1+ 95. Kb5 Rc3 96. Nc6+ Kd6 97. Nb4 Rc5+ 98.
Ka4 Rh5 99. Kb3 Rh4 100. Kc3 Rg4 101. Nd3 Kd5 102. Nb2 Rg3+ 103. Nd3 Re3 104. Kd2 Kd4 105. Nb4 Rh3 106. Nc6+ Kd5 107. Nb4+ Kc4 108. Nc6 Rh5 109. Ke2 Rc5 110. Nd8 Rd5 111. Nf7 Rf5 112. Nh6 Rg5 113. Kf3 Kd5 114. Kf4 Rg1 115. Ng4 Rf1+ 116. Kg5 Ke6 117. Ne3 Rf3 118. Ng4 Rc3 119. Kf4 Rb3 120. Ke4 Rb4+ 121. Kf3 Kf5 122. Ne3+ Kg5 123. Nd5 Rb3+ 124. Ke4 Rb1 125. Ke5 Re1+ 126. Kd6 Kf5 127. Nc7 Rd1+ 128. Kc6 Ke5 129. Nb5 Rc1+ 130. Kb6 Kd5 131. Nc7+ Kd6 132. Nb5+ Kd7 133. Nd4 Rc4 134. Nb5 Rc2 135. Nd4 Rc3 136. Nb5 Rc6+ 137. Ka5 Rc4 138. Kb6 Rf4 139. Na7 Rb4+ 140. Nb5 Rg4 141. Kc5 Rg5+ 1/2-1/2

[Event "Late-Titled-Tuesday-Blitz-June-18-2024"]
[Site "Chess.com"]
[Date "2024.06.18"]
[Round "3"]
[White "Skillcam"]
[Black "Defenstrator"]
[Result "1/2-1/2"]
[WhiteElo "2582"]
[BlackElo "2397"]
[TimeControl "180+1"]
[EndTime "14:34:12 PDT"]
[Termination "Game drawn by 50-move rule"]

1. Nf3 g6 2. c4 Bg7 3. Nc3 Nf6 4. h4 d5 5. cxd5 Nxd5 6. h5 Nc6 7. h6 Bf6 8. e3 Bf5 9. d3 Nxc3 10. bxc3 Bxc3+ 11. Bd2 Bxa1 12. Qxa1 f6 13. e4 Bg4 14. Be3 Bxf3 15.
gxf3 Ne5 16. Qd1 Qd6 17. f4 Nc6 18. Bh3 e6 19. d4 O-O-O 20. d5 Qb4+ 21. Qd2 Qxe4 22.
Bxe6+ Kb8 23. O-O Ne7 24. Re1 Qa4 25. Rb1 Nf5 26. Rb4 Qa6 27. Qb2 Nxe3 28. fxe3 c6 29.
Qxf6 cxd5 30. Qg7 Rhe8 31. Qe5+ Ka8 32. Qc7 Rd6 33. Bd7 Rb8 34. Bb5 Qb6 35. Qc3 Re6 36. Kf2 d4 37. Qxd4 a6 38. Bd3 Qxd4 39. Rxd4 Rb6 40. Rd7 Rb2+ 41. Kf3 Rh8 42. Be4 Ka7 43. a4 a5 44. f5 gxf5 45. Bxf5 Rb4 46. Bxh7 Rh4 47.
Be4 R4xh6 48. Rxb7+ Ka6 49. Rf7 Kb6 50. Bd3 Rh3+ 51. Ke4 Re8+ 52. Kd4 Rhxe3 53. Bb5 R3e4+ 54. Kd3 Re3+ 55. Kd2 R3e5 56. Bxe8 Rxe8 57. Rf6+ Kc5 58. Rf4 Rd8+ 59. Kc3 Rd5 60. Rf8 Rh5 61. Rc8+ Kb6 62. Rb8+ Ka6 63. Rf8 Rh3+ 64. Kb2 Rh4 65. Rf6+ Kb7 66. Kb3 Rb4+ 67. Ka3 Rb6 68. Rf7+ Kc6 69.
Rf5 Ra6 70. Rb5 Ra7 71. Rh5 Ra6 72. Rg5 Kb6 73. Rf5 Kc6 74. Rf6+ Kb7 75. Rf7+ Kb6 76.
Re7 Ra8 77. Kb3 Rh8 78. Re6+ Kb7 79. Kc4 Rh5 80. Re7+ Kb6 81. Re6+ Kb7 82. Rg6 Ka7 83. Rf6 Kb7 84. Re6 Ka7 85. Kd4 Rh4+ 86. Kc5 Rxa4 87.
Kb5 Ra1 88. Re7+ Kb8 89. Kb6 Kc8 90. Kc6 Kd8 91. Ra7 a4 92. Kd6 Ke8 93. Ke6 Kd8 94.
Kd6 Ke8 95. Kc5 a3 96. Ra8+ Kd7 97. Ra7+ Ke6 98. Kb4 Rb1+ 99. Kc3 a2 100. Rxa2 Rc1+ 101. Kd2 Rc6 102. Ra5 Rd6+ 103. Ke3 Rd5 104. Ra6+ Rd6 105. Ra7 Rb6 106. Ke4 Rb4+ 107. Kd3 Rb5 108. Kc4 Rh5 109. Rg7 Kf6 110. Rg8 Rh4+ 111. Kd5 Kf7 112. Rb8 Rh5+ 113. Ke4 Ra5 114. Rb7+ Ke6 115. Rb6+ Kd7 116. Kd4 Ra4+ 117. Kc5 Rh4 118. Rb7+ Ke6 119. Ra7 Ke5 120. Re7+ Kf6 121. Re1 Rh5+ 122. Kd6 Rf5 123. Re8 Kg5 124. Ke6 Rf6+ 125. Ke7 Rf1 126. Rg8+ Kh6 127. Ke6 Kh7 128. Rg2 Kh6 129. Ke5 Kh7 130. Ke4 Kh6 131. Ke3 Rf8 132. Rh2+ Kg6 133. Rh3 Kg5 134. Ke4 Kg4 135. Rh1 Re8+ 136. Kd5 Kf5 137. Rf1+ Kg6 138. Kd6 Rd8+ 139. Ke7 Rd5 140. Ke6 Rd2 141. Rg1+ Kh6 142. Kf5 Rd5+ 143. Kf6 Rd6+ 144. Kf7 Rd7+ 145. Ke6 Rg7 146. Rh1+ Kg6 147. Rg1+ Kh6 148. Rf1 Rg6+ 149. Kf5 Rg5+ 150. Kf6 1/2-1/2

[Event "Late-Titled-Tuesday-Blitz-June-18-2024"]
[Site "Chess.com"]
[Date "2024.06.18"]
[Round "4"]
[White "NikitaShnadrygin"]
[Black "i_like_explosions"]
[Result "0-1"]
[WhiteElo "2708"]
[BlackElo "2431"]
[TimeControl "180+1"]
[EndTime "14:36:46 PDT"]
[Termination "i_like_explosions won by resignation"]

1. e4 c5 2. Nf3 Nc6 3. d4 cxd4 4. Nxd4 Nf6 5. Nc3 e5 6. Ndb5 d6 7. Bg5 a6 8. Na3 b5 9. Nd5 Be7 10. Bxf6 Bxf6 11. c3 Bg5 12. Nc2 Ne7 13. a3 O-O 14. Ncb4 Nxd5 15. Nxd5 f5 16. Bd3 f4 17. f3 Bh4+ 18.
Kf1 Kh8 19. Qe2 g5 20. c4 bxc4 21. Bxc4 g4 22. fxg4 f3 23. gxf3 Bxg4 24. Kg2 Bxf3+ 25. Qxf3 Rxf3 26. Kxf3 Qf8+ 27. Ke2 Qf2+ 28. Kd3 Qd4+ 0-1

[Event "Late-Titled-Tuesday-Blitz-June-18-2024"]
[Site "Chess.com"]
[Date "2024.06.18"]
[Round "4"]
[White "rdarruda"]
[Black "Bob_2004"]
[Result "0-1"]
[WhiteElo "2559"]
[BlackElo "2752"]
[TimeControl "180+1"]
[EndTime "14:37:13 PDT"]
[Termination "Bob_2004 won by resignation"]

1. d4 d5 2. Nf3 Nf6 3. Bf4 c5 4. c3 Nc6 5. e3 Qb6 6. Qb3 c4 7. Qxb6 axb6 8. Nbd2 b5 9. Be2 Bf5 10. O-O b4 11. Nh4 Bd7 12. cxb4 Nxb4 13. a3 Nc6 14. b3 cxb3 15. Nxb3 e6 16. Nc5 Bxc5 17. dxc5 Ne4 18. Rfb1 g5 19. f3 Nc3 0-1